 Dungeon Crawl Stone Soup version 0.23.1 (webtiles) character file.

Game seed: 0

12418 Gunterle the Cleaver (level 12, -2/91 HPs)
             Began as a Formicid Abyssal Knight on Mar 3, 2019.
             Was a High Priest of Lugonu.
             Slain by a large slime creature (31 damage)
             ... on level 12 of the Dungeon.
             The game lasted 01:03:01 (14148 turns).

Gunterle the Cleaver (Formicid Abyssal Knight)     Turns: 14148, Time: 01:03:01

Health: -2/91      AC: 12    Str: 14    XL:     12   Next: 20%
Magic:  17/17      EV: 12    Int: 19    God:    Lugonu [*****.]
Gold:   366        SH:  0    Dex: 10    Spells: 12/16 levels left

rFire    + . .     SeeInvis +   T - +10 spear "Talofo" {pierce, rF+ Str-4 Int+3}
rCold    . . .     Gourm    .   (no shield)
rNeg     . . .     Faith    .   C - +1 ring mail {MR+}
rPois    .         Spirit   .   (helmet unavailable)
rElec    .         Reflect  .   y - scarf {cloud immunity}
rCorr    .         Harm     .   o - +0 pair of gloves
MR       +++..                  d - +0 pair of boots
Stlth    ..........             E - amulet of the acrobat
HPRegen  0.25/turn              h - ring of protection from magic
MPRegen  0.15/turn              l - +2 ring of protection

@: no status effects
A: permanent stasis, dig shafts and tunnels, four strong arms, antennae 3
a: Dig, Shaft Self, Depart the Abyss, Bend Space, Banish, Corrupt, Enter the
Abyss, Renounce Religion


You were on level 12 of the Dungeon.
You worshipped Lugonu.
Lugonu was extremely pleased with you.
You were not hungry.

You visited 2 branches of the dungeon, and saw 13 of its levels.
You visited the Abyss 1 time.

You collected 822 gold pieces.
You spent 456 gold pieces at shops.

Inventory:

Hand Weapons
 a - a +2 hand axe
 i - a +1 hunting sling of flaming
 n - a +0 blowgun
 t - a +3 battleaxe of freezing
 v - a +2 vampiric hand axe
 L - a +1 flail of holy wrath
 O - a +4 flail of draining
 T - the +10 spear "Talofo" (weapon) {pierce, rF+ Str-4 Int+3}
   (You found it on level 6 of the Dungeon)

   It inflicts extra damage upon your enemies.
   It affects your strength (-4).
   It affects your intelligence (+3).
   It protects you from fire.
Missiles
 j - 153 stones
 m - 101 poisoned needles
 q - 3 throwing nets
 u - 36 sling bullets
 z - 94 bolts
 A - 2 needles of paralysis
 D - 3 tomahawks
 U - 4 javelins (quivered)
 X - 8 needles of confusion
Armour
 d - a +0 pair of boots (worn)
 o - a +0 pair of gloves (worn)
 y - a scarf of cloud immunity (worn)
 C - a +1 ring mail of magic resistance (worn)
 P - a +3 leather armour of fire resistance
Jewellery
 h - a ring of protection from magic (left hand)
 l - a +2 ring of protection (right hand)
 E - an amulet of the acrobat (around neck)
 K - an uncursed ring of resist corrosion
Wands
 G - a wand of clouds (7)
 H - a wand of disintegration (10)
 J - a wand of iceblast (11)
 V - a wand of digging (9)
Scrolls
 b - a scroll of amnesia
 e - a scroll of fear
 F - 6 scrolls of remove curse
 M - a scroll of summoning
 Q - a scroll of magic mapping
 S - a scroll of brand weapon
 Z - a scroll of fog {unknown}
Potions
 f - 4 potions of curing
 g - 2 potions of lignification
 k - 3 potions of mutation
 r - 2 potions of agility
 s - 2 potions of flight
 x - a potion of ambrosia
 B - 4 potions of heal wounds
 I - a potion of brilliance
 Y - 3 potions of invisibility
Miscellaneous
 w - a lamp of fire
Comestibles
 c - 20 rations
 p - 7 chunks of flesh


   Skills:
 + Level 7.0 Fighting
 * Level 12.0 Axes
 + Level 5.5 Slings
 + Level 6.9 Armour
 + Level 4.9 Dodging
 + Level 2.6 Spellcasting
 - Level 2.4 Charms
 + Level 2.5 Necromancy
 + Level 7.0 Invocations
 + Level 5.5 Evocations


You had 12 spell levels left.
You knew the following spells:

 Your Spells              Type           Power        Failure   Level  Hunger
a - Animate Skeleton      Necr           N/A          11%         1    None
b - Regeneration          Chrm/Necr      ##........   32%         3    ###....

Your spell library contained the following spells:

 Spells                   Type           Power        Failure   Level  Hunger
 Pain                     Necr           ##..         11%         1    None
 Vampiric Draining        Necr           ##........   32%         3    ###....
 Animate Dead             Necr           N/A          71%         4    ####...
 Iskenderun's Battlesphe  Conj/Chrm      #.......     99%         5    ######.
 Bolt of Magma            Conj/Fire/Erth #.........   100%        5    ######.
 Venom Bolt               Conj/Pois      #.........   100%        5    ######.
 Iron Shot                Conj/Erth      #.........   100%        6    #######
 Orb of Destruction       Conj           #.........   100%        7    #######
 Spellforged Servitor     Conj/Summ      #.........   100%        7    #######


Dungeon Overview and Level Annotations

Branches:
Dungeon (12/15)            Temple (1/1) D:6            Lair (0/6) D:11
    Orc (0/2) D:12

Altars:
Ashenzari
Cheibriados
Dithmenos
Elyvilon
Fedhas
Gozag
Hepliaklqana
Kikubaaqudgha
Makhleb
Nemelex Xobeh
Okawaru
Qazlal
Ru
Sif Muna
Trog
Uskayaw
Vehumet
Wu Jian
Xom
Yredelemnul
Zin
The Shining One

Shops:
D:10 ?   D:11 (

Annotations:
D:5 2 transporters, P0WERM0DE's ghost, novice DsFi
D:8 3 runed translucent doors, Norn's ghost, novice GrGl; ciphuk's ghost, novice GnVM
D:12 Frances


Innate Abilities, Weirdness & Mutations

You cannot be hasted, slowed, berserked, paralysed or teleported.
You can dig through walls and to a lower floor.
Your four strong arms can wield two-handed weapons with a shield.
You have a pair of large antennae on your head. (SInv)


Message History

You hit the slime creature.
The slime creature is heavily wounded.
You puncture the slime creature!
The slime creature is severely wounded.
A large slime creature splits.
The slime creature hits you!
A manticore comes into view.
Two slime creatures merge to form a large slime creature. x2
The slime creature hits you!
Two slime creatures merge to form a large slime creature.
A slime creature suddenly becomes an enormous slime creature.
The steam dragon completely misses you. The steam dragon misses you.
Frances, Duchess of Pandemonium comes into view.
She is wielding a +0 mace.
Frances shouts!
The steam dragon breathes steam at you. The ball of steam hits you. You resist.
Found a scroll of enchant weapon.
There is a stone staircase leading up here.
The large slime creature is engulfed in a cloud of scalding steam.
The large slime creature hits you!!
You die...

. ..... #...# .....
#...# .....#..@#
#...#...####.
#...#........
#....§....... #.
#....§....?.. #.
#@.# #. .....##J.#
#. ....##D.#
#...#...##.
...##.J#
#...#...##. #..
#..##..#
#...#...##.
#..##(.##.H#
#...#......
#..##..##..#
#...#...### #..
#..##......#
#.......# #
####..##..##......#
#.......# #


You could see Frances, an enormous slime creature, a large slime creature, a
manticore and a steam dragon.

Vanquished Creatures
  Gastronok (D:8)
  A two-headed ogre (D:11)
  2 unseen horrors (D:11)
  Pikel (D:8)
  A centaur zombie (D:10)
  Maurice (D:10)
  A gargoyle (D:11)
  A hippogriff (D:11)
  A wraith (D:11)
  A spriggan (D:7)
  A wyvern (D:11)
  7 yaks
  A basilisk (D:11)
  A steam dragon (D:9)
  Edmund (D:5)
  2 water moccasins
  2 ice beasts
  4 orc warriors
  An eye of draining (D:10)
  7 phantoms
  A black bear (D:6)
  A slave (D:8)
  7 ogres
  9 centaurs
  A crocodile (D:11)
  4 bullfrogs
  A water moccasin zombie (D:9)
  A scorpion (D:12)
  2 howler monkeys (D:9)
  5 crimson imps
  5 hounds
  A quasit (D:10)
  2 bullfrog skeletons
  5 jellies
  6 orc priests
  A gnoll shaman (D:4)
  13 orc wizards
  7 iguanas
  7 worker ants
  A hound zombie (D:9)
  2 hound skeletons
  Robin (D:2)
  10 gnolls
  A howler monkey skeleton (D:6)
  9 adders
  A shadow imp (D:8)
  3 adder skeletons
  5 worms
  A dart slug (D:1)
  6 leopard geckos
  39 orcs
  5 bats
  2 giant cockroaches (D:2)
  15 goblins
  12 hobgoblins
  19 jackals
  4 quokkas
  5 frilled lizards
  12 kobolds
  A quokka skeleton (D:4)
  A quokka zombie (D:6)
  7 rats
  A spectral orc (D:5)
280 creatures vanquished.

Vanquished Creatures (others)
  Harold (D:8)
  A sky beast (D:5)
2 creatures vanquished.

Grand Total: 282 creatures vanquished

Notes
Turn   | Place    | Note
-------+----------+-------------------------------------------
     0 | Abyss:1  | Gunterle the Formicid Abyssal Knight began the quest for
                  | the Orb.
     0 | Abyss:1  | Reached XP level 1. HP: 18/18 MP: 2/2
    91 | Abyss:1  | Noticed a tentacled starspawn
   103 | Abyss:1  | Noticed a quasit
   105 | Abyss:1  | Noticed a starcursed mass
   106 | D:1      | Escaped the Abyss
   392 | D:1      | Reached XP level 2. HP: 24/24 MP: 3/3
   593 | D:1      | Reached skill level 3 in Axes
  1044 | D:1      | Reached XP level 3. HP: 29/29 MP: 4/4
  1246 | D:2      | Found a glowing silver altar of Zin.
  1254 | D:2      | Reached * piety under Lugonu
  1902 | D:2      | Noticed Robin
  1919 | D:2      | Reached skill level 4 in Axes
  1919 | D:2      | Reached XP level 4. HP: 22/35 MP: 5/5
  2146 | D:2      | Killed Robin
  2213 | D:2      | Found an iron altar of Okawaru.
  2550 | D:2      | Reached ** piety under Lugonu
  2946 | D:2      | Reached skill level 5 in Axes
  2946 | D:2      | Reached XP level 5. HP: 37/41 MP: 6/6
  3204 | D:3      | Found a burning altar of Makhleb.
  3210 | D:3      | Found a shimmering altar of Xom.
  3749 | D:3      | Noticed a phantom
  3983 | D:3      | Killed a phantom
  3983 | D:3      | Reached skill level 6 in Axes
  3983 | D:3      | Reached XP level 6. HP: 13/47 MP: 7/7
  4727 | D:4      | Reached skill level 7 in Axes
  4727 | D:4      | Reached XP level 7. HP: 52/52 MP: 8/8
  4903 | D:4      | Reached *** piety under Lugonu
  5045 | D:4      | Reached skill level 8 in Axes
  5069 | D:4      | Found a blossoming altar of Fedhas.
  5069 | D:4      | Found a white marble altar of Elyvilon.
  5528 | D:4      | Reached XP level 8. HP: 13/58 MP: 9/9
  6075 | D:5      | Entered Level 5 of the Dungeon
  6217 | D:5      | Found a transporter.
  6217 | D:5      | Found a transporter.
  6233 | D:5      | Noticed P0WERM0DE's ghost (novice DsFi)
  6376 | D:5      | Reached skill level 9 in Axes
  6816 | D:5      | Reached skill level 1 in Dodging
  7176 | D:5      | Found a basalt altar of Yredelemnul.
  7176 | D:5      | Noticed Edmund
  7193 | D:5      | Reached **** piety under Lugonu
  7195 | D:5      | Killed Edmund
  7195 | D:5      | Reached skill level 1 in Slings
  7195 | D:5      | Reached skill level 1 in Evocations
  7478 | D:5      | Reached XP level 9. HP: 54/64 MP: 11/11
  7595 | D:5      | Reached skill level 10 in Axes
  7688 | D:6      | Found a staircase to the Ecumenical Temple.
  7901 | Temple   | Entered the Ecumenical Temple
  8180 | D:6      | Found an opulent altar of Gozag.
  8311 | D:6      | Got a jewelled spear
  9426 | D:8      | Reached skill level 5 in Armour
  9427 | D:8      | Reached XP level 10. HP: 73/73 MP: 13/13
  9666 | D:8      | Identified the +10 spear "Talofo" {pierce, rF+ Str-4 Int+3}
                  | (You found it on level 6 of the Dungeon)
  9885 | D:8      | Noticed Harold
  9933 | D:8      | Noticed Pikel
  9960 | D:8      | Killed Pikel
  9960 | D:8      | Reached skill level 5 in Fighting
  9973 | D:8      | Killed Harold
  9999 | D:8      | Noticed Gastronok
 10020 | D:8      | Killed Gastronok
 10020 | D:8      | Reached skill level 11 in Axes
 10020 | D:8      | Reached skill level 5 in Invocations
 10020 | D:8      | Reached XP level 11. HP: 55/81 MP: 13/15
 10422 | D:8      | Found a runed translucent gate.
 10422 | D:8      | Found a runed translucent gate.
 10422 | D:8      | Found a runed translucent gate.
 10422 | D:8      | Noticed ciphuk's ghost (novice GnVM)
 10422 | D:8      | Noticed Norn's ghost (novice GrGl)
 10750 | D:9      | Reached ***** piety under Lugonu
 10793 | D:9      | Learned a level 1 spell: Animate Skeleton
 10797 | D:9      | Learned a level 3 spell: Regeneration
 11134 | D:9      | Found an iron altar of Okawaru.
 11145 | D:9      | Reached skill level 1 in Spellcasting
 11377 | D:9      | Found a sparkling altar of Nemelex Xobeh.
 11424 | D:9      | Reached skill level 1 in Necromancy
 11690 | D:10     | Entered Level 10 of the Dungeon
 11838 | D:10     | Reached skill level 1 in Charms
 11925 | D:10     | Identified a scroll of acquirement
 12005 | D:10     | Noticed Maurice
 12021 | D:10     | Killed Maurice
 12021 | D:10     | Reached skill level 5 in Slings
 12021 | D:10     | Reached skill level 5 in Evocations
 12318 | D:10     | Found Elicew's Magic Scroll Boutique.
 12326 | D:10     | Bought a scroll of identify for 32 gold pieces
 12326 | D:10     | Bought a scroll of identify for 32 gold pieces
 12326 | D:10     | Bought a scroll of torment for 120 gold pieces
 12326 | D:10     | Bought a scroll of identify for 32 gold pieces
 12326 | D:10     | Bought a scroll of identify for 32 gold pieces
 12326 | D:10     | Bought a scroll of holy word for 120 gold pieces
 12326 | D:10     | Bought a scroll of identify for 32 gold pieces
 12326 | D:10     | Bought a scroll of fear for 56 gold pieces
 12620 | D:11     | Noticed an unseen horror
 12741 | D:11     | Killed an unseen horror
 13078 | D:11     | Found a staircase to the Lair.
 13340 | D:11     | Noticed a two-headed ogre
 13353 | D:11     | Killed a two-headed ogre
 13386 | D:11     | Found Bofreala's Antique Weapon Shoppe.
 13408 | D:11     | Noticed an unseen horror
 13420 | D:11     | Killed an unseen horror
 13420 | D:11     | Reached XP level 12. HP: 84/89 MP: 17/17
 13932 | D:12     | Reached skill level 12 in Axes
 14028 | D:12     | Found a staircase to the Orcish Mines.
 14147 | D:12     | Noticed Frances
 14148 | D:12     | Slain by a large slime creature

Skill      XL: |  1  2  3  4  5  6  7  8  9 10 11 12 |
---------------+-------------------------------------+-----
Axes           | 3 4 5 6 7 8 9 10 11 12 | 12.0
Dodging        | 1 2 3 4 |  4.9
Slings         | 1 2 4 5 |  5.5
Armour         | 3 5 6 |  6.9
Evocations     | 1 2 4 5 |  5.5
Invocations    | 4 5 6 7 |  7.0
Fighting       | 4 5 6 7 |  7.0
Spellcasting   | 2 |  2.6
Necromancy     | 2 |  2.5
Charms         | 2 |  2.4

Action                   |  1- 3 |  4- 6 |  7- 9 | 10-12 || total
-------------------------+-------+-------+-------+-------++-------
Melee: Hand axe          |   107 |   206 |   295 |     2 ||   610
       Flail             |       |       |    79 |    29 ||   108
       Spear             |       |       |       |   397 ||   397
       Battleaxe         |       |       |       |     6 ||     6
 Fire: Hunting sling     |     5 |    51 |   111 |    42 ||   209
       Blowgun           |       |       |    15 |     8 ||    23
Throw: Stone             |       |    17 |       |       ||    17
       Tomahawk          |       |       |    12 |       ||    12
       Javelin           |       |       |     3 |    33 ||    36
Invok: Depart the Abyss  |     1 |       |       |       ||     1
       Bend Space        |       |       |     2 |       ||     2
 Abil: Dig               |       |       |     7 |     7 ||    14
Evoke: Wand              |       |       |     3 |     4 ||     7
  Use: Scroll            |       |     7 |     5 |    14 ||    26
       Potion            |       |       |     2 |     4 ||     6
  Eat: Chunk             |     3 |     9 |    13 |    13 ||    38
       Ration            |       |       |     1 |     1 ||     2
Armor: Leather armour    |    28 |    48 |   114 |    64 ||   254
       Skin              |       |       |     3 |    11 ||    14
       Ring mail         |       |       |       |     5 ||     5
Dodge: Dodged            |    64 |   107 |   185 |   147 ||   503
